 Dungeon Crawl Stone Soup version 0.19.5 (webtiles) character file.

3206 theElss the Thaumaturge (level 9, -6/47 HPs)
             Began as a Deep Elf Conjurer on May 2, 2017.
             Was a Follower of Vehumet.
             Mangled by a hog (10 damage)
             ... on level 7 of the Dungeon.
             The game lasted 00:28:19 (8023 turns).

theElss the Thaumaturge (Deep Elf Conjurer)         Turns: 8023, Time: 00:28:20

Health: -6/47      AC:  7    Str:  5    XL:     9   Next: 65%
Magic:  1/26       EV: 14    Int: 26    God:    Vehumet [*.....]
Gold:   36         SH:  0    Dex: 15    Spells: 4 memorised, 18 levels left

rFire  + + .     SeeInvis .     g - +0 short sword
rCold  . . .     Gourm    .     B - +1 leather armour "Vosiyrgh" {rF++}
rNeg   . . .     Faith    .     (no shield)
rPois  .         Spirit   .     m - +0 helmet
rElec  .         Reflect  .     (no cloak)
rCorr  .         Harm     .     t - +0 pair of gloves
MR     .....                    a - +0 pair of boots
Stlth  ++........               (no amulet)
                                x - +3 ring of slaying
                                w - +2 ring of intelligence

@: no status effects
A: no striking features
a: Renounce Religion


You were on level 7 of the Dungeon.
You worshipped Vehumet.
Vehumet was aware of your devotion.
You were not hungry.

You visited 2 branches of the dungeon, and saw 8 of its levels.

You collected 306 gold pieces.
You spent 270 gold pieces at shops.

Inventory:

Hand Weapons
 g - a +0 short sword (weapon)
Armour
 a - a +0 pair of boots (worn)
 f - a +0 leather armour of poison resistance
 m - a +0 helmet (worn)
 t - a +0 pair of gloves (worn)
 B - the +1 leather armour "Vosiyrgh" (worn) {rF++}
   (You found it on level 4 of the Dungeon)

   It greatly protects you from fire.
Magical Staves
 y - an uncursed staff of air
Jewellery
 w - a +2 ring of intelligence (left hand)
 x - a +3 ring of slaying (right hand)
Wands
 e - a wand of random effects (11/48)
 D - a wand of polymorph (10/24)
Scrolls
 h - 3 scrolls of remove curse {unknown}
 n - 2 scrolls of fear {unknown}
 o - a scroll of teleportation {unknown}
 p - a scroll of recharging {unknown}
 r - 2 scrolls of blinking
 s - 3 scrolls of enchant weapon
 A - a scroll of fog {unknown}
Potions
 i - 4 potions of heal wounds
 j - 3 potions of degeneration {unknown}
 k - a potion of ambrosia {unknown}
 q - 3 potions of curing
 u - a potion of magic
 v - a potion of cancellation {unknown}
 z - a potion of haste
Books
 b - a book of Conjurations

   Spells                             Type                      Level
   a - Magic Dart                     Conjuration                  1
   b - Searing Ray                    Conjuration                  2
   c - Dazzling Spray                 Conjuration/Hexes            3
   d - Fulminant Prism                Conjuration/Hexes            4
   e - Iskenderun's Mystic Blast      Conjuration                  4
   f - Iskenderun's Battlesphere      Conjuration/Charms           5
Comestibles
 c - 4 bread rations
 d - 9 fruits
 l - 9 meat rations
 C - a chunk of flesh


   Skills:
 + Level 1.3 Fighting
 - Level 1.4 Short Blades
 + Level 3.2 Armour
 + Level 5.2 Dodging
 - Level 2.4 Stealth
 + Level 11.3 Spellcasting
 + Level 10.3 Conjurations


You had 18 spell levels left.
You knew the following spells:

 Your Spells              Type           Power        Failure   Level  Hunger
a - Magic Dart            Conj           ####         1%          1    None
b - Iskenderun's Battles  Conj/Chrm      #####...     28%         5    ###....
c - Searing Ray           Conj           ######       1%          2    None
d - Iskenderun's Mystic   Conj           ######..     1%          4    None


Dungeon Overview and Level Annotations

Branches:
Dungeon (7/15)             Temple (1/1) D:5

Altars:
Ashenzari
Cheibriados
Dithmenos
Elyvilon
Fedhas
Gozag
Hepliaklqana
Kikubaaqudgha
Nemelex Xobeh
Okawaru
Qazlal
Ru
Sif Muna
Trog
Uskayaw
Vehumet
Yredelemnul
Zin
The Shining One

Shops:
D:7 !


Message History

You kill the hog!
Vehumet accepts your kill. The hog bites you!
* * * LOW HITPOINT WARNING * * *
Unknown command.
Casting: Iskenderun's Mystic Blast
Confirm with . or Enter, or press ? or * to list all spells.
Aiming: Magic Dart
Press: ? - help, Shift-Dir - straight line, f - hog
Aim: a hog (heavily wounded)
Okay, then.
Casting: Magic Dart
Confirm with . or Enter, or press ? or * to list all spells.
Aiming: Magic Dart
Press: ? - help, Shift-Dir - straight line, f - hog
Aim: a hog (heavily wounded)
The magic dart hits the hog.
The hog is heavily wounded.
The hog bites you!
You die...

.# #..###...#..#.%# .#
#..#.....#.hh..# .##
#.[#.#..##.h#h.# ..#
#..)....##..#..#
..#######........# ##'##
.......##..##.#######...#
..####.##.......##.....##
.......##...#.#.##.....#
............#.#.@h)....#
.......##.....####.....#
...###.###.#### #.....#
.......# #.# #######
...##### #.. ...# ####
.#.# .... #.###


You could see a hog.

Vanquished Creatures
  The ghost of emiel the Ruffian, an amateur CeMo of Cheibriados (D:6)
  Eustachio (D:6)
  A human (D:7)
  3 hogs (D:7)
  Menkaure (D:6)
  Edmund (D:6)
  Duvessa (D:4)
  A water moccasin (D:7)
  An ice beast (D:5)
  An orc warrior (D:7)
  A necrophage (D:4)
  3 centaurs (D:5)
  2 ogres
  Dowan (D:4)
  3 wights (D:6)
  3 howler monkeys
  A bullfrog zombie (D:7)
  3 hounds
  10 orc priests
  2 orc wizards (D:6)
  An iguana (D:5)
  Jessica (D:2)
  A bullfrog skeleton (D:6)
  3 worker ants (D:4)
  2 hound skeletons
  Robin (D:2)
  6 adders
  2 shadow imps (D:5)
  2 oozes
  3 worms
  7 dart slugs
  2 leopard geckos
  16 orcs
  6 bats
  9 giant cockroaches
  17 goblins
  11 hobgoblins
  7 jackals
  10 kobolds
  A quokka (D:2)
  A ball python (D:5)
  8 frilled lizards
  2 leopard gecko skeletons
  A leopard gecko zombie (D:7)
  6 rats
167 creatures vanquished.

Notes
Turn   | Place    | Note
-------+----------+-------------------------------------------
     0 | D:1      | theElss the Deep Elf Conjurer began the quest for the Orb.
     0 | D:1      | Reached XP level 1. HP: 10/10 MP: 6/6
   235 | D:1      | Reached XP level 2. HP: 15/15 MP: 4/8
   269 | D:1      | Learned a level 2 spell: Searing Ray
   339 | D:1      | Reached skill level 5 in Conjurations
   640 | D:1      | Reached XP level 3. HP: 19/19 MP: 7/9
  1372 | D:2      | Noticed Robin
  1495 | D:2      | Killed Robin
  1495 | D:2      | Reached XP level 4. HP: 23/24 MP: 5/11
  1919 | D:2      | Learned a level 4 spell: Iskenderun's Mystic Blast
  1943 | D:2      | Noticed Jessica
  1945 | D:2      | Killed Jessica
  1945 | D:2      | Reached skill level 4 in Spellcasting
  2327 | D:3      | Reached XP level 5. HP: 28/28 MP: 10/13
  2690 | D:3      | Found a white marble altar of Elyvilon.
  2941 | D:3      | Reached skill level 1 in Short Blades
  3064 | D:3      | Found a faded altar of an unknown god.
  3394 | D:3      | Reached XP level 6. HP: 32/32 MP: 10/15
  3435 | D:3      | Learned a level 5 spell: Iskenderun's Battlesphere
  3592 | D:3      | Reached skill level 5 in Spellcasting
  3964 | D:4      | Noticed Dowan
  4217 | D:4      | Noticed Duvessa
  4223 | D:4      | Killed Duvessa
  4223 | D:4      | Reached skill level 6 in Spellcasting
  4223 | D:4      | Reached XP level 7. HP: 35/37 MP: 5/18
  4226 | D:4      | Killed Dowan
  4761 | D:4      | Got a fine leather armour
  5121 | D:4      | Identified the +1 leather armour "Vosiyrgh" {rF++} (You found it on level 4 of the Dungeon)
  5183 | D:5      | Entered Level 5 of the Dungeon
  5190 | D:5      | Reached skill level 1 in Fighting
  5190 | D:5      | Reached skill level 7 in Spellcasting
  5617 | D:5      | Reached skill level 8 in Spellcasting
  5617 | D:5      | Reached XP level 8. HP: 43/43 MP: 12/22
  6039 | D:5      | Found a shadowy altar of Dithmenos.
  6039 | D:5      | Found a stormy altar of Qazlal.
  6126 | D:5      | Found a staircase to the Ecumenical Temple.
  6135 | Temple   | Entered the Ecumenical Temple
  6270 | Temple   | Became a worshipper of Vehumet
  6474 | D:6      | Noticed Menkaure
  6477 | D:6      | Killed Menkaure
  6556 | D:6      | Reached skill level 1 in Armour
  6556 | D:6      | Reached skill level 9 in Spellcasting
  6557 | D:6      | Noticed Eustachio
  6560 | D:6      | Killed Eustachio
  6762 | D:6      | Noticed emiel's ghost (amateur CeMo)
  6766 | D:6      | Killed emiel's ghost
  6899 | D:6      | Reached XP level 9. HP: 47/47 MP: 8/24
  7005 | D:6      | Noticed Edmund
  7007 | D:6      | Killed Edmund
  7014 | D:6      | Reached skill level 10 in Spellcasting
  7525 | D:7      | Found Niss's Distillery.
  7547 | D:7      | Bought a potion of magic for 120 gold pieces
  7547 | D:7      | Bought a potion of haste for 150 gold pieces
  7556 | D:7      | Reached skill level 5 in Dodging
  8012 | D:7      | Reached skill level 10 in Conjurations
  8017 | D:7      | Reached skill level 11 in Spellcasting
  8018 | D:7      | Reached * piety under Vehumet
  8018 | D:7      | Offered knowledge of Shock by Vehumet.
  8023 | D:7      | Mangled by a hog

Skill      XL: |  1  2  3  4  5  6  7  8  9 |
---------------+----------------------------+-----
Conjurations   | 5 6 7 8 9 10 | 10.3
Spellcasting   | 4 6 8 9 11 | 11.3
Short Blades   | 1 |  1.4
Dodging        | 4 5 |  5.2
Fighting       | 1 |  1.3
Armour         | 2 3 |  3.2
Stealth        | |  2.4

Action                   |  1- 3 |  4- 6 |  7- 9 || total
-------------------------+-------+-------+-------++-------
Melee: Short sword       |     7 |     9 |     7 ||    23
 Cast: Magic Dart        |    78 |    96 |    76 ||   250
       Searing Ray       |     5 |    10 |    22 ||    37
       Iskenderun's Myst |       |     9 |    48 ||    57
  Use: Scroll            |       |       |     6 ||     6
  Eat: Chunk             |     2 |     9 |    11 ||    22
       Pizza             |       |       |     1 ||     1
       Beef jerky        |       |       |     1 ||     1
Armor: Robe              |       |     7 |       ||     7
       Leather armour    |       |       |    14 ||    14
Dodge: Dodged            |    15 |    21 |    44 ||    80
